 Dungeon Crawl Stone Soup version 0.25.1-8-g42b30a86e7 (webtiles) character file.

Game seed: 1109316553008646722

14252 pokeman the Eclecticist (level 11, -8/61 HPs)
             Began as a Deep Elf Wizard on Dec 11, 2020.
             Was a High Priest of Vehumet.
             Mangled by an ogre
             ... wielding a +0 giant club
              (18 damage)
             ... on level 12 of the Dungeon.
             The game lasted 00:41:31 (15267 turns).

pokeman the Eclecticist (Deep Elf Wizard)          Turns: 15267, Time: 00:41:32

Health: -8/61      AC:  8    Str:  2    XL:     11   Next: 86%
Magic:  19/32      EV: 10    Int: 31    God:    Vehumet [*****.]
Gold:   904        SH:  5    Dex: 13    Spells: 20/41 levels left

rFire    + . .     SeeInvis .   z - +10 quarterstaff "Qiasay" {protect, rPois MR+ Str-2 Int+2}
rCold    x . .     Gourm    .   (shield currently unavailable)
rNeg     . . .     Faith    .   Y - +0 acid dragon scales
rPois    +         Spirit   .   b - +0 hat
rElec    .         Reflect  +   (no cloak)
rCorr    +         Harm     .   (no gloves)
MR       ++...                  r - +0 pair of boots
Stlth    +.........             g - amulet of Liymnyxto {Reflect Int+2 SH+5}
HPRegen  0.20/turn              X - ring of fire
MPRegen  0.23/turn              P - ring of attention (curse)

@: no status effects
A: no striking features
a: Renounce Religion


You were on level 12 of the Dungeon.
You worshipped Vehumet.
Vehumet was extremely pleased with you.
You were hungry.

You visited 2 branches of the dungeon, and saw 13 of its levels.
You also visited: Sewer.

You collected 932 gold pieces.
You spent 28 gold pieces at shops.

Inventory:

Hand Weapons
 z - the +10 quarterstaff "Qiasay" (weapon) {protect, rPois MR+ Str-2 Int+2}
   (You found it on level 3 of the Dungeon)

   It grants its wielder temporary protection when it strikes (+7 to AC).
   It affects your strength (-2).
   It affects your intelligence (+2).
   It protects you from poison.
   It affects your resistance to hostile enchantments.
 F - a +3 shortbow of flaming
 T - a +0 shortbow of freezing
Missiles
 l - 134 bolts
 G - 205 arrows
Armour
 b - a +0 hat (worn)
 r - a +0 pair of boots (worn)
 J - the +2 leather armour of Jigsaw {+Fly rN+ Slay+2}
   (You took it off an orc on level 7 of the Dungeon)

   It affects your accuracy and damage with ranged weapons and melee attacks
   (+2).
   It protects you from negative energy.
   It lets you fly.
 O - a +0 kite shield
 S - a +0 troll leather armour
 Y - +0 acid dragon scales (worn)
Magical Staves
 R - an uncursed staff of summoning
Jewellery
 c - an uncursed amulet of magic regeneration
 g - the amulet of Liymnyxto (around neck) {Reflect Int+2 SH+5}
   (You took it off an orc on level 8 of the Dungeon)

   [amulet of reflection]

   It shields you and reflects attacks.
   It affects your intelligence (+2).
   It affects your SH (+5).
 m - an uncursed ring of resist corrosion
 p - a +6 ring of strength
 H - an uncursed amulet of guardian spirit
 K - an uncursed amulet of the acrobat
 P - a cursed ring of attention (right hand)
 X - a ring of fire (left hand)
Wands
 A - a wand of random effects (16)
 I - a wand of flame (30)
 M - a wand of polymorph (11)
 Q - a wand of iceblast (7)
 V - a wand of clouds (6)
Scrolls
 a - 11 scrolls of identify {unknown}
 f - 5 scrolls of fear {unknown}
 h - 2 scrolls of amnesia {unknown}
 k - 5 scrolls of blinking {unknown}
 o - 7 scrolls of random uselessness {unknown}
 q - 4 scrolls of teleportation {unknown}
 s - 4 scrolls of magic mapping {unknown}
 u - 2 scrolls of enchant weapon {unknown}
 v - 3 scrolls of fog {unknown}
 y - 6 scrolls of remove curse {unknown}
 B - 4 scrolls of enchant armour {unknown}
 L - 2 scrolls of immolation {unknown}
 W - a scroll of noise {unknown}
Potions
 e - 5 potions of stabbing {unknown}
 i - 3 potions of mutation {unknown}
 j - 5 potions of curing
 n - 3 potions of lignification {unknown}
 t - a potion of cancellation {unknown}
 w - 4 potions of haste {unknown}
 x - 5 potions of brilliance {unknown}
 C - 3 potions of heal wounds
 D - a potion of might {unknown}
 E - a potion of magic {unknown}
 N - a potion of resistance {unknown}
Comestibles
 d - 23 rations


   Skills:
 - Level 4.0 Fighting
 - Level 5.0 Armour
 - Level 3.0 Dodging
 - Level 3.0 Stealth
 + Level 2.1 Shields
 * Level 15.5 Spellcasting
 + Level 9.6 Conjurations
 - Level 1.1 Summonings
 - Level 1.1 Translocations
 + Level 8.9 Fire Magic
 - Level 1.0 Air Magic
 - Level 1.1 Earth Magic
 - Level 2.0 Poison Magic
 - Level 1.1 Evocations


You had 20 spell levels left.
You knew the following spells:

 Your Spells              Type           Power        Failure   Level  Hunger
a - Magic Dart            Conj           ####         1%          1    None
b - Mephitic Cloud        Conj/Pois/Air  ######..     1%          3    None
c - Call Imp              Summ           ####....     5%          2    None
d - Blink                 Tloc           N/A          5%          2    None
e - Conjure Flame         Conj/Fire      #######.     1%          3    None
f - Foxfire               Conj/Fire      ####         1%          1    None
g - Stone Arrow           Conj/Erth      ######       1%          3    None
h - Starburst             Conj/Fire      #######...   5%          6    ###....

Your spell library contained the following spells:

 Spells                   Type           Power        Failure   Level  Hunger
 Freeze                   Ice            ###.         1%          1    None
 Inner Flame              Hex/Fire       ######..     1%          3    None
 Hailstorm                Conj/Ice       ######..     2%          4    None
 Frozen Ramparts          Ice            ###...       4%          3    None
 Corona                   Hex            ###....      6%          1    None
 Slow                     Hex            ###.....     9%          2    None
 Portal Projectile        Hex/Tloc       ####..       14%         3    None
 Ozocubu's Armour         Chrm/Ice       ###.....     17%         3    None
 Leda's Liquefaction      Hex/Erth       ####......   41%         4    None
 Summon Ice Beast         Ice/Summ       ####....     41%         4    None
 Cause Fear               Hex            ###.......   50%         4    None


Dungeon Overview and Level Annotations

Branches:
Dungeon (12/15)            Temple (1/1) D:4            Lair (0/6) D:10
  Sewer (visited)
    Orc: D:9-12

Altars:
Ashenzari
Cheibriados
Dithmenos
Elyvilon
Fedhas
Gozag
Hepliaklqana
Kikubaaqudgha
Makhleb
Nemelex Xobeh
Qazlal
Ru
Sif Muna
Trog
Uskayaw
Vehumet
Wu Jian
Yredelemnul
Zin
The Shining One

Shops:
D:7 =


Message History

The spell is quite dangerous to cast (5% risk of failure)!
Continue anyway?
You feel a surge of power!
The bolt of fire misses the ogre.
The bolt of fire hits the orc wizard!!!
You kill the orc wizard!
Vehumet accepts your kill.
You feel your power returning.
The bolt of fire hits the phantom!!!
You destroy the phantom!
Vehumet accepts your kill.
You feel your power returning.
The bolt of fire hits the hungry ghost!!
You destroy the hungry ghost!
Vehumet accepts your kill.
You are feeling hungry.
Something hits you!
* * * LOW HITPOINT WARNING * * *
A slime creature comes into view.
An orc comes into view. It is wielding a +0 hand axe.
An orc wizard comes into view. It is wielding a +0 dagger.
The ogre hits you with a +0 giant club!!
You die...

###########
#..........
#..<.......
#..>.......
#..........
#..........
#..O.......
#.@........
#........##
#.)J....)#
#........#
#........#
#..o.....#
#.K.>......
#oJ..o.....


You could see 2 slime creatures, an orc warrior, a big kobold, an ogre, an orc
wizard and an orc (wandering).

Vanquished Creatures
  Harold (D:10)
  A two-headed ogre (D:10)
  Erica (D:10)
  The ghost of belegose the Chucker, a novice TrAs (D:5)
  A wizard (D:7)
  2 orc knights (D:10)
  An ugly thing (D:11)
  An elephant (D:10)
  Joseph (D:10)
  3 trolls
  3 hippogriffs
  2 wyverns
  9 yaks
  A hungry ghost (D:12)
  Menkaure (D:6)
  2 acid dragons (D:11)
  5 orc warriors
  2 phantoms
  3 sky beasts
  A black bear (D:7)
  A necrophage (D:11)
  An eye of draining (D:9)
  6 ogres
  10 centaurs
  2 crocodiles (D:10)
  2 big kobolds
  8 bullfrogs
  A wyvern zombie (D:9)
  A wyvern skeleton (D:7)
  3 scorpions
  13 killer bees
  6 jellies
  3 wights (D:11)
  7 howler monkeys
  A centaur zombie (D:8)
  3 crimson imps
  5 hounds
  2 bullfrog zombies
  8 orc priests
  5 orc wizards
  Terence (D:3)
  4 iguanas
  Natasha (thrice) (D:4)
  8 worker ants
  A killer bee zombie (D:8)
  2 hound zombies
  A hound skeleton (D:6)
  7 river rats
  16 adders
  3 gnolls (D:3)
  6 shadow imps
  6 oozes
  3 adder skeletons
  3 adder zombies
  7 worms
  5 dart slugs
  3 leopard geckos
  41 orcs
  5 giant cockroaches
  10 goblins
  10 hobgoblins
  26 jackals
  6 quokkas
  4 ball pythons
  7 bats
  6 frilled lizards
  A jackal zombie (D:5)
  24 kobolds
  2 leopard gecko zombies (D:6)
  A quokka zombie (D:5)
  30 rats
382 creatures vanquished.

Vanquished Creatures (collateral kills)
  A giant cockroach zombie (D:5)
  A kobold (D:3)
2 creatures vanquished.

Vanquished Creatures (others)
  118 foxfires
118 creatures vanquished.

Grand Total: 502 creatures vanquished

Notes
Turn   | Place    | Note
-------+----------+-------------------------------------------
     0 | D:1      | pokeman the Deep Elf Wizard began the quest for the Orb.
     0 | D:1      | Reached XP level 1. HP: 10/10 MP: 7/7
   270 | D:1      | Reached XP level 2. HP: 15/15 MP: 5/9
   496 | D:1      | Reached skill level 5 in Spellcasting
   526 | D:1      | Reached XP level 3. HP: 20/20 MP: 6/11
   531 | D:1      | Learned a level 3 spell: Mephitic Cloud
   534 | D:1      | Learned a level 2 spell: Call Imp
   537 | D:1      | Learned a level 2 spell: Blink
   541 | D:1      | Learned a level 3 spell: Conjure Flame
   800 | D:2      | Found a sparkling altar of Nemelex Xobeh.
   872 | D:2      | Reached skill level 1 in Armour
  1097 | D:2      | Reached skill level 1 in Fighting
  1160 | D:2      | Found a sacrificial altar of Ru.
  1287 | D:2      | Found a hide-covered altar of Uskayaw.
  1290 | D:2      | Reached XP level 4. HP: 25/25 MP: 11/13
  1964 | D:3      | Noticed Terence
  1989 | D:3      | Killed Terence
  2063 | D:3      | Reached skill level 1 in Fire Magic
  2581 | D:3      | Reached skill level 6 in Spellcasting
  2581 | D:3      | Reached XP level 5. HP: 17/29 MP: 11/15
  2931 | D:3      | Reached skill level 1 in Air Magic
  2960 | D:3      | Found an ornate altar of the Wu Jian Council.
  3261 | D:3      | Got a polished quarterstaff
  3262 | D:3      | Identified the +10 quarterstaff "Qiasay" {protect, rPois
                  | MR+ Str-2 Int+2} (You found it on level 3 of the Dungeon)
  3740 | D:4      | Found a staircase to the Ecumenical Temple.
  3746 | D:4      | Noticed Natasha
  3749 | Temple   | Entered the Ecumenical Temple
  3823 | Temple   | Became a worshipper of Vehumet
  3843 | D:4      | Killed Natasha
  3843 | D:4      | Reached XP level 6. HP: 34/34 MP: 15/17
  3883 | D:4      | Noticed Natasha
  3884 | D:4      | Reached skill level 1 in Poison Magic
  3892 | D:4      | Killed Natasha
  4068 | D:4      | Reached skill level 7 in Spellcasting
  4716 | D:4      | Reached XP level 7. HP: 39/39 MP: 14/20
  4972 | D:4      | Noticed Natasha
  4976 | D:4      | Killed Natasha
  5075 | D:5      | Entered Level 5 of the Dungeon
  5202 | D:5      | Reached skill level 8 in Spellcasting
  5225 | D:5      | Reached * piety under Vehumet
  5225 | D:5      | Offered knowledge of Foxfire by Vehumet.
  5228 | D:5      | Learned a level 1 spell: Foxfire
  5314 | D:5      | Found a glowing drain.
  5322 | Sewer    | Entered a sewer
  5560 | Sewer    | Reached ** piety under Vehumet
  5563 | Sewer    | Offered knowledge of Sandblast by Vehumet.
  6052 | D:5      | Found a runed translucent gate.
  6052 | D:5      | Found a runed translucent gate.
  6052 | D:5      | Found a runed translucent gate.
  6057 | D:5      | Noticed belegose's ghost (novice TrAs)
  6239 | D:5      | Reached XP level 8. HP: 44/44 MP: 18/22
  6622 | D:5      | Killed belegose's ghost
  6622 | D:5      | Reached skill level 9 in Spellcasting
  6622 | D:5      | Reached skill level 5 in Conjurations
  6751 | D:6      | Offered knowledge of Stone Arrow by Vehumet.
  6756 | D:6      | Learned a level 3 spell: Stone Arrow
  6895 | D:6      | Reached skill level 10 in Spellcasting
  6923 | D:6      | Reached skill level 1 in Earth Magic
  6923 | D:6      | Reached skill level 1 in Evocations
  7307 | D:6      | Noticed Menkaure
  7311 | D:6      | Killed Menkaure
  7311 | D:6      | Reached XP level 9. HP: 26/48 MP: 22/25
  7509 | D:6      | Found a shadowy altar of Dithmenos.
  7522 | D:6      | Found a hazy altar of Hepliaklqana.
  7775 | D:7      | Reached *** piety under Vehumet
  7859 | D:7      | Found Nahetunn's Jewellery Shop.
  7885 | D:7      | Bought a cursed amulet of inaccuracy for 28 gold pieces
  8115 | D:7      | Noticed a wizard
  8123 | D:7      | Killed a wizard
  8123 | D:7      | Reached skill level 11 in Spellcasting
  8123 | D:7      | Reached skill level 5 in Fire Magic
  8124 | D:7      | Identified the +2 leather armour of Jigsaw {+Fly rN+
                  | Slay+2}
  8466 | D:7      | Offered knowledge of Static Discharge by Vehumet.
  8620 | D:8      | Found a snail-covered altar of Cheibriados.
  8825 | D:8      | Reached skill level 12 in Spellcasting
  8851 | D:8      | Identified the amulet of Liymnyxto {Reflect Int+2 SH+5}
  8857 | D:8      | Reached **** piety under Vehumet
  9165 | D:8      | Found a glowing silver altar of Zin.
  9165 | D:8      | Found a burning altar of Makhleb.
  9168 | D:8      | Offered knowledge of Irradiate by Vehumet.
  9168 | D:8      | Reached XP level 10. HP: 56/56 MP: 18/28
  9214 | D:8      | Noticed a cacodemon
  9214 | D:8      | Noticed an angel
 10032 | D:8      | Found a glowing golden altar of the Shining One.
 10087 | D:8      | Found an opulent altar of Gozag.
 10655 | D:9      | Reached skill level 13 in Spellcasting
 10764 | D:9      | You fall into a shaft and drop 2 floors!
 10987 | D:10     | Entered Level 10 of the Dungeon
 10995 | D:10     | Noticed a two-headed ogre
 11170 | D:9      | Found a white marble altar of Elyvilon.
 12021 | D:10     | Noticed an elephant
 12033 | D:10     | Killed an elephant
 12200 | D:10     | Reached XP level 11. HP: 53/61 MP: 14/30
 12276 | D:10     | Noticed Joseph
 12309 | D:10     | Killed Joseph
 12309 | D:10     | Reached skill level 14 in Spellcasting
 12370 | D:10     | Noticed an orc knight
 12395 | D:10     | Killed an orc knight
 12583 | D:10     | Noticed Erica
 12606 | D:10     | Killed Erica
 12692 | D:10     | Noticed a +7 double sword
 12698 | D:10     | Noticed an orc knight
 12708 | D:10     | Noticed Harold
 12744 | D:10     | Killed Harold
 12750 | D:10     | Killed an orc knight
 12884 | D:10     | Reached ***** piety under Vehumet
 13047 | D:10     | Offered knowledge of Starburst by Vehumet.
 13064 | D:10     | Reached skill level 5 in Armour
 13147 | D:10     | Found a staircase to the Lair.
 13203 | D:10     | Learned a level 6 spell: Starburst
 13483 | D:10     | Killed a two-headed ogre
 13483 | D:10     | Reached skill level 1 in Shields
 13483 | D:10     | Reached skill level 15 in Spellcasting
 14620 | D:11     | Noticed a green ugly thing
 14625 | D:11     | Killed a green ugly thing
 14742 | D:11     | HP: 1/61 [killer bee (5)]
 15267 | D:12     | Mangled by an ogre

Illustrated notes

Levels and vault maps discovered:
D:1:      tarquinn_simple_flora_water_c, layout_rooms
D:2:      layout_loops_ring, nicolae_overflow_crystal_walls,
          nemelex_xobeh_ov_fountains_minmay, eat_drink_and_be_merry_uskayaw
D:3:      minmay_octagon_keep, layout_basic, marbit_many_paths,
          kennysheep_generic_room_8, uniq_terence
D:4:      minmay_chambers_of_fours, layout_loops_ring,
          minmay_temple_entry_sparse_star, first_ration, uniq_natasha
D:5:      layout_gridville, gammafunk_ghost_necromancy,
          lightli_sewer_entry_pipes
D:6:      layout_basic, riverfiend_overflow_shadow_ancestor, grunt_ministairs_8,
          uniq_menkaure
D:7:      minmay_clustersquares, layout_basic, serial_curves, eino_curves_01,
          eino_curves_03, serial_shops, shop_coins
D:8:      nicolae_whirlpool, layout_loops_ring,
          grunt_temple_overflow_order_and_chaos_2, lemuel_doored_altar,
          kennysheep_mini_moat, lemuel_coloured_pillars_altar
D:9:      layout_loops_cross, elyvilon_altar_1
D:10:     layout_basic, david_lair_generic, hangedman_little_slice_of_home,
          abandoned_shop, sword_in_stone
D:11:     layout_gridville
D:12:     layout_irregular_city, david_orc_3, grunt_ministairs_8, uniq_snorg
Temple:   compressed_dpeg_circular_temple

Skill      XL: |  1  2  3  4  5  6  7  8  9 10 11 |
---------------+----------------------------------+-----
Spellcasting   | 5 6 7 8 10 12 13 15 | 15.5
Armour         | 1 3 4 5 |  5.0
Fighting       | 1 2 3 4 |  4.0
Conjurations   | 2 3 4 5 7 8 9 |  9.6
Fire Magic     | 1 3 4 6 7 8 |  8.9
Dodging        | 3 |  3.0
Air Magic      | 1 |  1.0
Stealth        | 3 |  3.0
Poison Magic   | 2 |  2.0
Earth Magic    | 1 |  1.1
Evocations     | 1 |  1.1
Shields        | 2 |  2.1
Summonings     | |  1.1
Translocations | |  1.1

Action                   |  1- 3 |  4- 6 |  7- 9 | 10-12 || total
-------------------------+-------+-------+-------+-------++-------
Melee: Unarmed           |       |     3 |       |       ||     3
       Short sword       |       |    19 |       |       ||    19
       Quarterstaff      |       |     6 |    76 |    99 ||   181
 Cast: Magic Dart        |   104 |   236 |   209 |     6 ||   555
       Call Imp          |       |     2 |     2 |     8 ||    12
       Mephitic Cloud    |       |     4 |    24 |    18 ||    46
       Conjure Flame     |       |     1 |    11 |    32 ||    44
       Foxfire           |       |       |    24 |    46 ||    70
       Stone Arrow       |       |       |    18 |   124 ||   142
       Blink             |       |       |       |     1 ||     1
       Starburst         |       |       |       |     6 ||     6
  Use: Potion            |       |       |       |     1 ||     1
 Stab: Confused          |       |     1 |     9 |     3 ||    13
       Distracted        |       |       |     1 |       ||     1
  Eat: Chunk             |     1 |    10 |    14 |    19 ||    44
Armor: Leather armour    |     2 |    22 |    33 |    42 ||    99
       Acid dragon scale |       |       |       |     9 ||     9
Dodge: Dodged            |    10 |    58 |   100 |   108 ||   276
Block: Other             |       |       |     3 |    59 ||    62
       Reflection        |       |       |       |     9 ||     9
